 Dungeon Crawl Stone Soup version 0.22.1-1-ga44c0e5 (webtiles) character file.

72 buskinjo2 the Slasher (level 4, 0/31 HPs)
             Began as an Octopode Chaos Knight on Sept 30, 2018.
             Slain by a bat (1 damage)
             ... on level 2 of the Dungeon.
             The game lasted 00:04:53 (1217 turns).

buskinjo2 the Slasher (Octopode Chaos Knight)       Turns: 1217, Time: 00:04:54

Health: 0/31       AC:  1    Str: 12    XL:     4   Next: 25%
Magic:  4/4        EV: 14    Int: 14    God:    Xom [..*...]
Gold:   60         SH:  0    Dex: 11    Spells: 3/3 levels left

rFire    . . .     SeeInvis .   a - +1 falchion (chaos)
rCold    . . .     Gourm    .   (no shield)
rNeg     . . .     Faith    .   (helmet restricted)
rPois    .         Spirit   .   (no amulet)
rElec    .         Reflect  .   h - ring of flight
rCorr    .         Harm     .   (no ring)
MR       .....                  (no ring)
Stlth    +++.......             (no ring)
HPRegen  0.10/turn              (no ring)
MPRegen  0.09/turn              (no ring)
                                (no ring)
                                (no ring)

@: no status effects
A: almost no armour, stealthy swim, amphibious, 8 rings, constrict 8, camouflage
1, gelatinous body 1
a: Renounce Religion, Evoke Flight


You were on level 2 of the Dungeon.
You worshipped Xom.
You were a toy of Xom.
You were not hungry.

You visited 1 branch of the dungeon, and saw 2 of its levels.

You collected 60 gold pieces.

Inventory:

Hand Weapons
 a - a +1 falchion of chaos (weapon)
Missiles
 d - 66 stones (quivered)
Jewellery
 h - a ring of flight (left tentacle)
Potions
 c - a potion of cancellation
Comestibles
 b - 2 rations


   Skills:
 + Level 3.4 Fighting
 + Level 3.7 Long Blades
 + Level 2.9 Dodging
 + Level 2.5 Stealth


You had 3 spell levels left.
You didn't know any spells.
Your spell library was empty.

Dungeon Overview and Level Annotations

Branches:
Dungeon (2/15)

Altars:


Innate Abilities, Weirdness & Mutations

You cannot wear most types of armour.
You are very stealthy in the water. (Stealth+)
You are amphibious.
You can wear up to eight rings at the same time.
You can use your tentacles to constrict eight enemies at once.
Your skin changes colour to match your surroundings (Stealth+).
Your rubbery body absorbs attacks. (AC +1, EV +1)


Message History

* * * LOW HITPOINT WARNING * * *
As you read the scroll labeled ECSENA PERUE, it crumbles to dust.
It is a scroll of enchant weapon.
Your +0 falchion of chaos glows red for a moment.
Something hits you.
* * * LOW HITPOINT WARNING * * *
Something hits you but does no damage. Something hits you.
* * * LOW HITPOINT WARNING * * *
Something hits you but does no damage. Something hits you.
* * * LOW HITPOINT WARNING * * *
Something hits you.
* * * LOW HITPOINT WARNING * * *
A bat appears from thin air!
Reactivating autopickup.
The bat misses you. The bat hits you but does no damage. The bat hits you.
You die... "Boring in life, boring in death..."

#..####..#...##
#.## ##.....#####
#.# #####......
########.##
#...##...
#.........#
#.#######
#...).....#######.#
#..........##.....#
#.............#####
#......<@...###
#........b..####
#..............#
#..............#
#########......#
#...#..# #..#_#.#
#...#..# #......


You could see a bat.

Vanquished Creatures
  2 adders (D:2)
  3 oozes (D:1)
  A dart slug (D:1)
  A giant cockroach (D:1)
  9 goblins
  4 hobgoblins
  A hobgoblin (shapeshifter) (D:2)
  4 jackals (D:1)
  2 bats (D:1)
  A frilled lizard (D:2)
  2 kobolds (D:1)
  8 rats
38 creatures vanquished.

Notes
Turn   | Place    | Note
-------+----------+-------------------------------------------
     0 | D:1      | buskinjo2 the Octopode Chaos Knight began the quest for the
                  | Orb.
     0 | D:1      | Reached XP level 1. HP: 16/16 MP: 1/1
   389 | D:1      | Reached XP level 2. HP: 20/21 MP: 2/2
   424 | D:1      | XOM: silly message
   562 | D:1      | Reached skill level 1 in Stealth
   588 | D:1      | XOM: divination: detect creatures
   638 | D:1      | Reached XP level 3. HP: 23/26 MP: 3/3
   820 | D:1      | XOM: potion effect (agility)
   964 | D:2      | Found a faded altar of an unknown god.
   996 | D:2      | Reached XP level 4. HP: 19/31 MP: 4/4
  1210 | D:2      | XOM: harmless Air miscast
  1214 | D:2      | HP: 1/31 [something (1)]
  1217 | D:2      | Slain by a bat

Skill      XL: |  1  2  3 |
---------------+----------+-----
Stealth        | 1 2 |  2.5
Fighting       | |  3.4
Long Blades    | |  3.7
Dodging        | |  2.9

Action                   |  1- 3 |  4- 6 || total
-------------------------+-------+-------++-------
Melee: Falchion          |    57 |     8 ||    65
       Constrict         |    15 |     3 ||    18
       Tentacles         |    16 |       ||    16
Throw: Stone             |     1 |       ||     1
  Use: Scroll            |     2 |     2 ||     4
 Stab: Sleeping          |     7 |       ||     7
       Paralysed         |     1 |       ||     1
  Eat: Chunk             |       |     1 ||     1
Armor: Skin              |     1 |    21 ||    22
Dodge: Dodged            |    28 |    14 ||    42
       Rpst.: Falchion   |     9 |     3 ||    12
